[Event "Titled Tuesday Blitz April 18 Late 2023"]
[White "Abduzhaparov"]
[Black "Broca Jimenez, Fernando"]
[BlackFideId "5104742"]
[WhiteElo "2398"]
[BlackElo "2062"]
[Result "1-0"]
[Round "03"]
[TimeControl "180+2"]
[Date "2023.04.18"]
[WhiteClock "0:02:05"]
[BlackClock "0:01:57"]

1. Nf3 c5 2. c4 g6 3. d4 Bg7 4. e4 cxd4 5. Nxd4 Nc6 6. Be3 Nf6 7. Nc3 O-O 8. Be2 d6 9. O-O Bd7 10. h3 Nxd4 11. Bxd4 Bc6 12. Qc2 Nd7 13. Bxg7 Kxg7 14. b4 Nf6 15. b5 Bd7 16. Rfd1 Be6 17. Rac1 Rc8 18. e5 Ne8 19. exd6 Nxd6 20. Ne4 Qb6 21. c5 Nxe4 22. Qb2+ Nf6 23. cxb6 1-0


[Site "https://www.chess.com"]

[Event "Titled Tuesday Blitz April 18 Late 2023"]
[White "Gerbelli Neto, Eduardo"]
[Black "Stanisz, Patryk"]
[WhiteFideId "2103281"]
[BlackFideId "1123106"]
[WhiteElo "2178"]
[BlackElo "2069"]
[Result "1-0"]
[Round "03"]
[TimeControl "180+2"]
[Date "2023.04.18"]
[WhiteClock "0:02:05"]
[BlackClock "0:00:13"]

1. e4 c5 2. Nc3 Nc6 3. f4 g6 4. Nf3 Bg7 5. Bc4 Rb8 6. d3 e6 7. f5 Nge7 8. fxe6 fxe6 9. Bf4 d6 10. O-O O-O 11. Qd2 a6 12. a4 b5 13. axb5 axb5 14. Nxb5 Rxb5 15. Bxb5 Bxb2 16. Rab1 Bg7 17. Bh6 e5 18. Bc4+ Kh8 19. Bxg7+ Kxg7 20. Ng5 Rxf1+ 21. Rxf1 Qb6 1-0


[Site "https://www.chess.com"]

[Event "Titled Tuesday Blitz April 18 Late 2023"]
[White "Todorovic, Bojan"]
[Black "Schmidt, Harald"]
[WhiteFideId "917087"]
[BlackFideId "4648358"]
[WhiteElo "2266"]
[BlackElo "2168"]
[Result "0-1"]
[Round "03"]
[TimeControl "180+2"]
[Date "2023.04.18"]
[WhiteClock "0:00:01"]
[BlackClock "0:00:05"]

1. Nf3 c5 2. g3 e6 3. Bg2 Be7 4. O-O h5 5. h4 g5 6. hxg5 Bxg5 7. Nxg5 Qxg5 8. d4 Qg7 9. dxc5 h4 10. Qd6 hxg3 11. Qxg3 Qxg3 12. fxg3 Na6 13. Be3 Nh6 14. Rf4 Rg8 15. Nc3 Ng4 16. Bd4 e5 17. Rxg4 Rxg4 18. Bxe5 Nxc5 19. Nd5 Rg5 20. Bd6 Ne6 21. Nf6+ Kd8 22. e4 a5 23. Bf1 b6 24. a4 Bb7 25. Re1 Rc8 26. c3 Rc6 27. Rd1 Bc8 28. Kh2 Rxd6 29. Rxd6 Ke7 30. Rxb6 Kxf6 31. b4 axb4 32. cxb4 Ke7 33. a5 Kd8 34. a6 Kc7 35. a7 Bb7 36. Rb5 Rxb5 37. Bxb5 d6 38. Bd3 Kb6 39. Kh3 Kxa7 40. Kg4 Kb6 41. Kf5 Ba6 42. Bxa6 Kxa6 43. Kf6 Kb5 44. Kxf7 Ng5+ 45. Ke7 Nxe4 46. Ke6 Kc4 47. b5 d5 48. b6 d4 49. b7 Nc5+ 50. Ke5 Nxb7 0-1


[Site "https://www.chess.com"]

[Event "Titled Tuesday Blitz April 18 Late 2023"]
[White "Jodorcovsky Werjivker, Paulo"]
[Black "Tarnowska, Aleksandra"]
[WhiteFideId "3700305"]
[BlackFideId "1180967"]
[WhiteElo "2120"]
[BlackElo "1776"]
[Result "1-0"]
[Round "03"]
[TimeControl "180+2"]
[Date "2023.04.18"]
[WhiteClock "0:00:04"]
[BlackClock "0:00:18"]

1. e4 c5 2. Nc3 a6 3. g3 b5 4. Bg2 b4 5. Na4 d6 6. b3 Bb7 7. Ne2 Nf6 8. d3 g6 9. O-O Qc7 10. f4 Nbd7 11. Nb2 Bg7 12. Rb1 h5 13. h3 Nb6 14. Nc4 Nxc4 15. bxc4 a5 16. a3 Nd7 17. Qd2 Bc6 18. c3 bxc3 19. Nxc3 a4 20. Bb2 O-O 21. Ba1 Rfb8 22. Nd5 Bxd5 23. Bxg7 Kxg7 24. exd5 Nf6 25. Qc3 Rb7 26. g4 hxg4 27. hxg4 Kg8 28. Rxb7 Qxb7 29. g5 Nh5 30. f5 gxf5 31. Rxf5 Qb1+ 32. Rf1 Qb3 33. Qd2 Qxa3 34. Qf2 Rf8 35. Qf3 Ng7 36. Re1 Qc3 37. Rxe7 Qc1+ 38. Kh2 Qxg5 39. Re4 a3 40. Rg4 Qh6+ 41. Bh3 a2 42. Qf1 Ra8 43. Qa1 Qd2+ 44. Rg2 Qxd3 45. Qxg7# 1-0


[Site "https://www.chess.com"]

[Event "Titled Tuesday Blitz April 18 Late 2023"]
[White "Mickiewicz, Piotr"]
[Black "Vargas Rodriguez, Wilver"]
[WhiteFideId "1114891"]
[BlackFideId "3509672"]
[WhiteElo "2246"]
[BlackElo "2224"]
[Result "1-0"]
[Round "03"]
[TimeControl "180+2"]
[Date "2023.04.18"]
[WhiteClock "0:00:55"]
[BlackClock "0:00:02"]

1. Nf3 d5 2. e3 c6 3. b3 f5 4. Bb2 Nf6 5. c4 e6 6. Be2 Bd6 7. Qc2 O-O 8. Nc3 Bd7 9. h3 Be8 10. cxd5 cxd5 11. Nb5 Bxb5 12. Bxb5 a6 13. Be2 Nc6 14. Rc1 Rc8 15. Qb1 Ne4 16. O-O Qa5 17. d3 Nd2 18. Nxd2 Qxd2 19. Rc2 Qa5 20. Rfc1 Qc7 21. a3 Bh2+ 22. Kf1 Be5 23. d4 Bf6 24. g3 Be7 25. b4 Qb6 26. Qa2 Rc7 27. Bd3 Rfc8 28. Bxf5 exf5 29. Qxd5+ Kh8 30. Qxf5 Nxd4 31. Qxc8+ Rxc8 32. Rxc8+ Bd8 33. Bxd4 Qb5+ 34. Kg1 Qd7 35. Bb6 1-0


[Site "https://www.chess.com"]

[Event "Titled Tuesday Blitz April 18 Late 2023"]
[White "Oliveira, Tiago Batista"]
[Black "merinasian"]
[WhiteFideId "2108291"]
[WhiteElo "1962"]
[BlackElo "2353"]
[Result "0-1"]
[Round "03"]
[TimeControl "180+2"]
[Date "2023.04.18"]
[WhiteClock "0:00:04"]
[BlackClock "0:00:38"]

1. d4 Nf6 2. c4 e6 3. g3 Bb4+ 4. Bd2 Qe7 5. Bg2 O-O 6. Nf3 Bxd2+ 7. Qxd2 d6 8. Nc3 e5 9. dxe5 dxe5 10. O-O Bf5 11. Qg5 Qe6 12. Nh4 Bh3 13. Bxb7 Nc6 14. Bxa8 Rxa8 15. Rfd1 Nd4 16. Rd2 h6 17. Qe3 Ng4 18. Qd3 Rd8 19. Rad1 Qf6 20. Ne4 Qc6 21. Nf3 f5 22. Nc3 Qc5 23. Nxd4 Rxd4 24. Qf3 e4 25. Qf4 g5 26. Rxd4 gxf4 27. Rd8+ Kg7 28. R1d7+ Kg6 29. Rg8+ Kh5 30. e3 fxe3 31. f4 exf3 0-1


[Site "https://www.chess.com"]

[Event "Titled Tuesday Blitz April 18 Late 2023"]
[White "Barria Santos, Jose Guilherme"]
[Black "Ozalp, Burak"]
[WhiteFideId "1939300"]
[BlackFideId "6314210"]
[WhiteElo "2266"]
[BlackElo "2106"]
[Result "0-1"]
[Round "03"]
[TimeControl "180+2"]
[Date "2023.04.18"]
[WhiteClock "0:00:30"]
[BlackClock "0:01:12"]

1. e4 c6 2. d4 d5 3. Nc3 dxe4 4. Nxe4 Nd7 5. Bc4 Ngf6 6. Ng5 e6 7. Qe2 Nb6 8. Bb3 Qc7 9. N1f3 Bd6 10. Ne5 Bxe5 11. dxe5 Nfd5 12. Bd2 h6 13. Nf3 c5 14. Bxd5 Nxd5 15. O-O Bd7 16. Rfd1 Bc6 17. c4 Ne7 18. Bc3 O-O 19. Qe3 b6 20. Nh4 Ng6 21. Nxg6 fxg6 22. Qg3 Kh7 23. Rd6 Rf5 24. Rad1 Rg5 25. Rxc6 Qxc6 26. Qh3 Rf8 27. Rd6 Qe4 28. g3 Rxf2 29. Kxf2 Rf5+ 30. Kg1 Qb1+ 31. Kg2 Qf1# 0-1


[Site "https://www.chess.com"]

[Event "Titled Tuesday Blitz April 18 Late 2023"]
[White "mohsengabr2002"]
[Black "Torres Dominguez, David"]
[BlackFideId "2220857"]
[WhiteElo "2348"]
[BlackElo "1999"]
[Result "1-0"]
[Round "03"]
[TimeControl "180+2"]
[Date "2023.04.18"]
[WhiteClock "0:01:25"]
[BlackClock "0:00:01"]

1. g3 d5 2. f3 Nc6 3. e3 e5 4. d3 Be6 5. Nh3 f6 6. Nf2 Qd7 7. Bg2 Bc5 8. c3 Bb6 9. O-O Nge7 10. b4 a5 11. b5 Nd8 12. a4 Nf7 13. d4 h5 14. f4 e4 15. h3 Nf5 16. Nh1 O-O-O 17. Qe2 g5 18. g4 hxg4 19. hxg4 Nh4 20. f5 Qd6 21. fxe6 Nh6 22. Rxf6 Rdf8 23. Rxf8+ Qxf8 24. Nd2 Qf6 25. Ba3 Qxe6 26. Nf2 c6 27. c4 Bc7 28. bxc6 Nf7 29. cxd5 Qh6 30. cxb7+ Kb8 31. Ndxe4 Nxg2 32. Kxg2 Qh2+ 33. Kf1 Bg3 34. Nxg3 Qxg3 35. Rc1 Rh2 36. Rc8+ Kxb7 37. Rf8 1-0


[Site "https://www.chess.com"]

[Event "Titled Tuesday Blitz April 18 Late 2023"]
[White "Manfroi, Alexander Giannini"]
[Black "Peatman, Carter"]
[WhiteFideId "22739335"]
[BlackFideId "2096480"]
[WhiteElo "1618"]
[BlackElo "2003"]
[Result "0-1"]
[Round "03"]
[TimeControl "180+2"]
[Date "2023.04.18"]
[WhiteClock "0:00:09"]
[BlackClock "0:00:11"]

1. d4 d5 2. Bf4 Nf6 3. e3 e6 4. Nf3 Bd6 5. Bg3 c5 6. c3 Qc7 7. Ne5 O-O 8. Nd2 Nbd7 9. f4 b6 10. Bd3 Bb7 11. O-O Ne4 12. Qe2 f5 13. Ndf3 Ndf6 14. Be1 a6 15. Rc1 b5 16. b4 cxb4 17. Bxe4 Nxe4 18. Bd2 bxc3 19. Ng5 Bxe5 20. dxe5 b4 21. Nxe6 Qe7 22. Nxf8 Nxd2 23. Nxh7 Nxf1 24. Qh5 Qf7 25. Qxf7+ Kxf7 26. Ng5+ Kg6 27. Kxf1 a5 28. Ke2 Ba6+ 29. Kd1 Bd3 30. h3 a4 31. g4 Rc8 32. Ne6 b3 33. axb3 axb3 34. gxf5+ Kh7 35. f6 gxf6 36. exf6 c2+ 37. Kd2 b2 38. Rg1 c1=Q+ 39. Kxd3 Qxg1 40. Ng5+ Qxg5 41. fxg5 b1=Q+ 42. Kd4 Qe4# 0-1


[Site "https://www.chess.com"]

[Event "Titled Tuesday Blitz April 18 Late 2023"]
[White "Allam, Yara"]
[Black "Hercegovac, Neven"]
[WhiteFideId "10615709"]
[BlackFideId "2839135"]
[WhiteElo "1758"]
[BlackElo "2075"]
[Result "1-0"]
[Round "03"]
[TimeControl "180+2"]
[Date "2023.04.18"]
[WhiteClock "0:00:14"]
[BlackClock "0:00:06"]

1. e4 e6 2. d4 d5 3. Nc3 Nf6 4. e5 Nfd7 5. f4 c5 6. Nf3 Nc6 7. Be3 cxd4 8. Nxd4 Qb6 9. a3 Bc5 10. Na4 Qa5+ 11. c3 Nxd4 12. Bxd4 Be7 13. b4 Qc7 14. Bd3 a6 15. O-O b5 16. Nb2 Bb7 17. Qg4 g6 18. Qe2 Nb6 19. a4 Nc4 20. Nxc4 bxc4 21. Bc2 O-O 22. Rf3 f6 23. Rh3 f5 24. g4 fxg4 25. Qxg4 Rf7 26. Rg3 Rg7 27. Qxe6+ Kh8 28. Qg4 Rf8 29. f5 Bc8 30. e6 Bf6 31. fxg6 Bxd4+ 32. Qxd4 Rf4 33. e7 Bd7 34. Qe3 Be8 35. gxh7 Rfg4 36. Rf1 d4 37. Rf8+ 1-0


[Site "https://www.chess.com"]

[Event "Titled Tuesday Blitz April 18 Late 2023"]
[White "Maranhao,Jose Renato Ruiz"]
[Black "Rodriguez Santiago, Jaime"]
[WhiteFideId "2135175"]
[BlackFideId "3100898"]
[WhiteElo "1970"]
[BlackElo "2025"]
[Result "0-1"]
[Round "03"]
[TimeControl "180+2"]
[Date "2023.04.18"]
[WhiteClock "0:00:47"]
[BlackClock "0:02:17"]

1. e4 c6 2. d4 d5 3. Nc3 dxe4 4. Nxe4 Nf6 5. Nxf6+ exf6 6. Nf3 Bd6 7. Bd3 O-O 8. O-O Re8 9. c3 Nd7 10. Bc2 Nf8 11. b4 Bg4 12. Qd3 Qd7 13. a4 Rad8 14. Ba3 Bb8 15. b5 Qc7 16. Bxf8 Bxf3 17. Qxh7+ Kxf8 18. Rae1 Re6 19. Rxe6 fxe6 20. Qh8+ Kf7 0-1


[Site "https://www.chess.com"]

[Event "Titled Tuesday Blitz April 18 Late 2023"]
[White "Aqib Javaid Butt"]
[Black "Vasques, Antonio Pedro Freixial"]
[WhiteFideId "7801262"]
[BlackFideId "1908332"]
[WhiteElo "1659"]
[BlackElo "2212"]
[Result "1-0"]
[Round "03"]
[TimeControl "180+2"]
[Date "2023.04.18"]
[WhiteClock "0:00:51"]
[BlackClock "0:01:59"]

1. Nf3 Nf6 2. e3 g6 3. b3 Bg7 4. Bb2 O-O 5. Be2 a5 6. O-O a4 7. c4 axb3 8. axb3 Rxa1 9. Bxa1 c6 10. Nc3 d5 11. d4 Na6 12. Bd3 Nb4 13. Bb1 Ne4 14. Nxe4 dxe4 15. Bxe4 c5 16. dxc5 Qc7 17. Bxg7 Kxg7 18. Qa1+ f6 19. Qc3 Na6 20. b4 Be6 21. Bd5 Bg4 22. h3 Bd7 23. Nd4 e5 24. Ne6+ Bxe6 25. Bxe6 Rd8 26. Bd5 Qd7 27. Qa3 Qc7 28. Rd1 h5 29. Bf3 Rxd1+ 30. Bxd1 Qd7 31. Bf3 Qd2 32. b5 Nb4 33. Qa7 Nd3 34. Qxb7+ Kh6 35. Qf7 Qxf2+ 36. Kh2 Ne1 37. Qxf6 Qxe3 38. h4 Kh7 39. Qf7+ Kh6 40. Qf8+ Kh7 41. Qe7+ Kh6 42. Qg5+ Qxg5 43. hxg5+ Kxg5 44. c6 Kf4 45. c7 Nxf3+ 46. gxf3 Kxf3 47. c8=Q 1-0


[Site "https://www.chess.com"]

[Event "Titled Tuesday Blitz April 18 Late 2023"]
[White "Joubert, Dantelle"]
[Black "Pesotskiy, Mikhail"]
[WhiteFideId "14310813"]
[BlackFideId "34164453"]
[WhiteElo "1507"]
[BlackElo "2131"]
[Result "0-1"]
[Round "03"]
[TimeControl "180+2"]
[Date "2023.04.18"]
[WhiteClock "0:00:02"]
[BlackClock "0:00:22"]

1. d4 Nf6 2. c4 e6 3. Nc3 Bb4 4. e3 b6 5. Bd3 Bb7 6. f3 c5 7. Ne2 O-O 8. O-O cxd4 9. exd4 d5 10. a3 Be7 11. Be3 dxc4 12. Bxc4 Nc6 13. Qd2 Rc8 14. Ba2 Na5 15. Qd3 Qd7 16. Rad1 Rfd8 17. d5 exd5 18. Nd4 Nc4 19. Bc1 Bc5 20. Kh1 Re8 21. Nf5 Ne5 22. Qb1 Rcd8 23. Bg5 Qe6 24. Nd4 Bxd4 25. Rxd4 h6 26. Bh4 Ng6 27. Bg3 Qe3 28. Rfd1 Re7 29. Nxd5 Nxd5 30. Bxd5 Kh7 31. R4d3 Qc5 0-1


[Site "https://www.chess.com"]

[Event "Titled Tuesday Blitz April 18 Late 2023"]
[White "Manu_ChessExcelsior"]
[Black "Seder, Mohammed"]
[BlackFideId "11505567"]
[WhiteElo "1966"]
[BlackElo "1862"]
[Result "0-1"]
[Round "03"]
[TimeControl "180+2"]
[Date "2023.04.18"]
[WhiteClock "0:00:02"]
[BlackClock "0:00:56"]

1. e4 c5 2. g3 Nc6 3. Bg2 g6 4. d3 Bg7 5. f4 e6 6. Nf3 d5 7. e5 Nh6 8. O-O b5 9. Be3 Qb6 10. h3 Nf5 11. Bf2 h5 12. Nbd2 Bb7 13. Nb3 d4 14. Nbd2 c4 15. Ne4 Rd8 16. Nf6+ Bxf6 17. exf6 Ne3 18. Qe2 Nxf1 19. Rxf1 Nb4 20. a3 Bxf3 21. Bxf3 cxd3 22. cxd3 Nd5 23. Rc1 O-O 24. Bxh5 Nxf6 25. Bf3 Rc8 26. Re1 Nd5 27. Qe5 Ne3 28. Rxe3 dxe3 29. Bxe3 Rc1+ 30. Kf2 Rc2+ 31. Be2 Qc7 32. Qf6 Rd8 33. Kf3 Qc6+ 34. Kg4 Qd7 35. Bf3 e5+ 36. f5 Qxf5+ 37. Qxf5 gxf5+ 38. Kxf5 Rxd3 39. Be4 Rxe3 40. Bxc2 Rxg3 41. Kxe5 Rxh3 42. Kd6 Rh5 43. Bd3 Rh3 0-1


[Site "https://www.chess.com"]

[Event "Titled Tuesday Blitz April 18 Late 2023"]
[White "Govender, Kaedan"]
[Black "Skaric, Djuro"]
[WhiteFideId "14322072"]
[BlackFideId "934569"]
[WhiteElo "1963"]
[BlackElo "2282"]
[Result "0-1"]
[Round "03"]
[TimeControl "180+2"]
[Date "2023.04.18"]
[WhiteClock "0:01:07"]
[BlackClock "0:01:41"]

1. d4 d6 2. c4 g6 3. Nc3 Bg7 4. Nf3 Nf6 5. e4 O-O 6. Be2 Nc6 7. O-O e5 8. d5 Ne7 9. h3 h6 10. Be3 Ne8 11. Qd2 Kh7 12. Ne1 f5 13. f4 exf4 14. Bxf4 g5 15. Be3 f4 16. Bd4 Ng6 17. e5 dxe5 18. Bf2 Bf5 19. Bd3 Nd6 20. Bxf5 Nxf5 21. Ne4 Nd4 22. Nf3 Nxf3+ 23. gxf3 Qd7 24. Kh2 b6 25. Qd3 Qf5 26. Rg1 Rf7 27. Qe2 Bf6 28. d6 Rd8 29. dxc7 Rxc7 30. Rad1 Be7 31. Rxd8 Bxd8 32. Nd6 Qe6 33. Rd1 Be7 34. Ne4 Rxc4 35. Be1 Rc7 36. Bc3 Qxa2 37. Qd3 Qe6 38. Rd2 Kg7 39. Qd5 Qxd5 40. Rxd5 Kf7 41. Nf2 Ke6 42. Rd2 h5 43. Ne4 Nh4 44. Rd3 Rd7 45. Rxd7 Kxd7 46. Nd2 Ke6 47. Kg1 Kd5 48. Kf2 Bc5+ 0-1


[Site "https://www.chess.com"]

[Event "Titled Tuesday Blitz April 18 Late 2023"]
[White "Marchesich, Giovanni"]
[Black "Sanchez, Robert"]
[WhiteFideId "2824790"]
[BlackFideId "2034360"]
[WhiteElo "2209"]
[BlackElo "1962"]
[Result "1-0"]
[Round "03"]
[TimeControl "180+2"]
[Date "2023.04.18"]
[WhiteClock "0:00:46"]
[BlackClock "0:00:53"]

1. d4 d5 2. Nf3 c6 3. e3 Nf6 4. Bd3 g6 5. O-O Bg7 6. c4 dxc4 7. Bxc4 O-O 8. Nc3 Bg4 9. h3 Bxf3 10. Qxf3 Nbd7 11. Rd1 e5 12. d5 cxd5 13. Nxd5 Nb6 14. Nxf6+ Qxf6 15. Qxf6 Bxf6 16. Bb3 e4 17. Rb1 Rfd8 18. Bd2 Kg7 19. Kf1 Be5 20. Ke2 f5 21. a4 Rd6 22. a5 Nc8 23. Bb4 Rxd1 24. Rxd1 Bxb2 25. Rd7+ Kh6 26. Rxb7 Bg7 27. Bd5 1-0


[Site "https://www.chess.com"]

[Event "Titled Tuesday Blitz April 18 Late 2023"]
[White "Eisa Mohmood, Alkhoori"]
[Black "Ardila, Oscar Humberto"]
[WhiteFideId "9316116"]
[BlackFideId "4404742"]
[WhiteElo "1310"]
[BlackElo "1918"]
[Result "0-1"]
[Round "03"]
[TimeControl "180+2"]
[Date "2023.04.18"]
[WhiteClock "0:02:19"]
[BlackClock "0:02:09"]

1. e4 e5 2. Nf3 Nf6 3. Nxe5 d6 4. Nf3 Nxe4 5. Nc3 Nxc3 6. dxc3 Be7 7. Be3 O-O 8. Qd2 Nd7 9. O-O-O Nf6 10. Bd3 c5 11. h4 b5 12. Bxb5 Rb8 13. Bd3 Qa5 14. Kb1 Be6 15. c4 Qa3 16. b3 d5 17. cxd5 Nxd5 18. Ng5 Nb4 19. Bxh7+ Kh8 20. Nxe6 Qxa2+ 0-1


[Site "https://www.chess.com"]

[Event "Titled Tuesday Blitz April 18 Late 2023"]
[White "Carlsen, Magnus"]
[Black "Popovic, Dusan"]
[WhiteFideId "1503014"]
[BlackFideId "927031"]
[WhiteElo "2852"]
[BlackElo "2573"]
[Result "1-0"]
[Round "04"]
[TimeControl "180+2"]
[Date "2023.04.18"]
[WhiteClock "0:01:36"]
[BlackClock "0:00:31"]

1. d4 Nf6 2. Bf4 g6 3. Nf3 Bg7 4. e3 O-O 5. Be2 d6 6. O-O Nc6 7. h3 Nd7 8. Bh2 e5 9. a4 f5 10. Nc3 Kh8 11. a5 a6 12. Nd5 Ne7 13. dxe5 dxe5 14. Ng5 Nc5 15. Nc3 Qe8 16. Bc4 h6 17. Nf3 e4 18. Nd4 Nc6 19. Nd5 Nxd4 20. Nxc7 Qc6 21. exd4 Be6 22. Bxe6 Nxe6 23. d5 Qc4 24. Nxe6 1-0


[Site "https://www.chess.com"]

[Event "Titled Tuesday Blitz April 18 Late 2023"]
[White "Nakamura, Hikaru"]
[Black "Pichot, Alan"]
[WhiteFideId "2016192"]
[BlackFideId "110973"]
[WhiteElo "2885"]
[BlackElo "2573"]
[Result "1-0"]
[Round "04"]
[TimeControl "180+2"]
[Date "2023.04.18"]
[WhiteClock "0:01:00"]
[BlackClock "0:00:10"]

1. e4 e5 2. Bc4 Nc6 3. d3 Nf6 4. Nf3 Bc5 5. c3 O-O 6. O-O d6 7. h3 a6 8. Re1 Ba7 9. a4 Be6 10. Nbd2 h6 11. b4 Re8 12. Bxe6 Rxe6 13. Qc2 Ne7 14. d4 Ng6 15. b5 Qd7 16. d5 Ree8 17. c4 c6 18. dxc6 bxc6 19. bxa6 Nf4 20. Nf1 Ne6 21. Bb2 Bc5 22. N1d2 Rxa6 23. Nb3 Rea8 24. a5 Qb7 25. Red1 Nxe4 26. Rf1 Rb8 27. Qxe4 Qxb3 28. Bxe5 Rb4 29. Nd2 d5 30. Qf5 1-0


[Site "https://www.chess.com"]

[Event "Titled Tuesday Blitz April 18 Late 2023"]
[White "Caruana, Fabiano"]
[Black "Hansen, Eric"]
[WhiteFideId "2020009"]
[BlackFideId "2606771"]
[WhiteElo "2837"]
[BlackElo "2561"]
[Result "1-0"]
[Round "04"]
[TimeControl "180+2"]
[Date "2023.04.18"]
[WhiteClock "0:00:10"]
[BlackClock "0:00:02"]

1. e4 e5 2. Nf3 Nc6 3. Bb5 a6 4. Ba4 Nf6 5. d3 d6 6. c3 Bd7 7. O-O g6 8. h3 Bg7 9. Be3 O-O 10. Nbd2 h6 11. Re1 Re8 12. Nf1 b5 13. Bc2 d5 14. Ng3 Be6 15. a4 Kh7 16. Qe2 dxe4 17. dxe4 Bc4 18. Qd2 Qe7 19. Qc1 Red8 20. Nd2 Be6 21. b4 Nd7 22. Nf5 Qf8 23. Nxg7 Qxg7 24. Nb3 Nb6 25. Nc5 Bc4 26. Rd1 Qf8 27. Rxd8 Nxd8 28. Qd2 Ne6 29. a5 Na4 30. Nxa4 Rd8 31. Qe1 bxa4 32. Bxa4 f5 33. Rd1 f4 34. Bc1 Rd6 35. Rxd6 cxd6 36. Bd1 Qe7 37. Bd2 Ng5 38. f3 Bb5 39. Bb3 Qc7 40. Qf2 Bc4 41. Qb6 Qc8 42. Ba4 Nf7 43. Qc6 Qe6 44. Be1 Kg7 45. Bh4 g5 46. Bf2 h5 47. Qd7 Qf6 48. b5 axb5 49. Bxb5 Bxb5 50. Qxb5 g4 51. a6 gxf3 52. a7 Qg6 53. Qf1 Qxe4 54. gxf3 Qa8 55. Qd3 Ng5 56. Kg2 h4 57. Bxh4 Nf7 58. Qf5 Qxa7 59. Bf6+ Kf8 60. Qc8+ 1-0


[Site "https://www.chess.com"]

[Event "Titled Tuesday Blitz April 18 Late 2023"]
[White "Bartel, Mateusz"]
[Black "Vachier-Lagrave, Maxime"]
[WhiteFideId "1112635"]
[BlackFideId "623539"]
[WhiteElo "2521"]
[BlackElo "2740"]
[Result "0-1"]
[Round "04"]
[TimeControl "180+2"]
[Date "2023.04.18"]
[WhiteClock "0:00:04"]
[BlackClock "0:00:34"]

1. e4 c5 2. Nf3 Nc6 3. Nc3 e6 4. d4 cxd4 5. Nxd4 Nf6 6. a3 d6 7. g3 a6 8. Bg2 Bd7 9. O-O Rc8 10. Nb3 h5 11. h3 Be7 12. a4 Ne5 13. a5 Nc4 14. f4 e5 15. Rf2 b5 16. axb6 Qxb6 17. Qf3 O-O 18. f5 Bc6 19. g4 hxg4 20. hxg4 Nh7 21. Qg3 Ng5 22. Kh2 Bf6 23. Rf1 Rfd8 24. Qd3 Bb7 25. Kg3 d5 26. exd5 e4 27. Nxe4 Nxe4+ 28. Bxe4 Nxb2 29. Bxb2 Bxb2 30. Rab1 Rc3 31. Rxb2 Rxd3+ 32. cxd3 Bxd5 33. Bxd5 Rxd5 34. Rf3 Qc7+ 35. Kg2 Qc3 36. Re2 Re5 37. Rxe5 Qxe5 38. d4 Qb5 39. Kg3 a5 40. Nc5 Qb4 41. Rd3 a4 42. Kf4 a3 43. Nb3 a2 44. Ke4 Kf8 45. Kd5 Qb7+ 46. Kc4 Qxb3+ 47. Rxb3 a1=Q 48. Rb8+ Ke7 49. Rb7+ Kf6 50. Rb6+ Kg5 0-1


[Site "https://www.chess.com"]

[Event "Titled Tuesday Blitz April 18 Late 2023"]
[White "Karacsonyi, Gellert"]
[Black "Firouzja, Alireza"]
[WhiteFideId "764620"]
[BlackFideId "12573981"]
[WhiteElo "2308"]
[BlackElo "2904"]
[Result "0-1"]
[Round "04"]
[TimeControl "180+2"]
[Date "2023.04.18"]
[WhiteClock "0:00:50"]
[BlackClock "0:01:57"]

1. e4 c5 2. Nf3 Nc6 3. d4 cxd4 4. Nxd4 Nf6 5. Nc3 d6 6. Bg5 Bd7 7. Qd3 Rc8 8. O-O-O Qa5 9. Bxf6 gxf6 10. Nb3 Qb6 11. Kb1 Qxf2 12. Be2 Bh6 13. Nd5 Ne5 14. Qg3 Qxe2 15. Nd4 Qxe4 16. Rhe1 Qxd5 17. Nf5 Qxd1+ 18. Rxd1 Bxf5 19. Ka1 Rxc2 20. Qb3 O-O 21. Qxb7 Rfc8 22. a3 Be6 23. b3 f5 24. g3 Bg7 0-1


[Site "https://www.chess.com"]

[Event "Titled Tuesday Blitz April 18 Late 2023"]
[White "Drygalov, Andrey"]
[Black "Rasulov, Vugar"]
[WhiteFideId "24171735"]
[BlackFideId "13402390"]
[WhiteElo "2466"]
[BlackElo "2509"]
[Result "1/2-1/2"]
[Round "04"]
[TimeControl "180+2"]
[Date "2023.04.18"]
[WhiteClock "0:00:03"]
[BlackClock "0:00:03"]

1. e4 c5 2. Nf3 d6 3. Bb5+ Nd7 4. O-O a6 5. Bd3 Ngf6 6. Re1 b5 7. c4 g5 8. Nxg5 Ne5 9. Be2 bxc4 10. d4 cxd3 11. Bxd3 Bh6 12. Nc3 Rg8 13. Nf3 Bg4 14. Be2 Bxc1 15. Rxc1 Bxf3 16. Bxf3 Rb8 17. b3 e6 18. g3 h5 19. Bg2 h4 20. f4 Ng6 21. e5 hxg3 22. hxg3 dxe5 23. fxe5 Qxd1 24. Rcxd1 Ng4 25. Ne4 N6xe5 26. Nxc5 a5 27. Re4 Ke7 28. Rde1 f6 29. Na4 Rgc8 30. R4e2 Rb4 31. Rf1 Rd4 32. Bh3 Rh8 33. Bxg4 Rxg4 34. Kg2 Rhg8 35. Re3 Rd4 36. Rfe1 Rc8 37. R1e2 Rc1 38. Nc3 Kf7 39. Ne4 Ng4 40. Rf3 Ke7 41. Nf2 Ne5 42. Rfe3 Ra1 43. Ne4 Rdd1 44. Nf2 Rg1+ 45. Kh2 Rgf1 46. Kg2 Rg1+ 47. Kh2 Raf1 48. Re4 Kf7 49. R4e3 Kg6 50. a3 Ra1 51. b4 axb4 52. axb4 Rab1 53. b5 Rgc1 54. Kg2 Rg1+ 55. Kh2 Rgc1 56. Kg2 Rxb5 57. Nh3 Rbb1 58. Nf4+ Kf5 59. Nh3 Kg6 60. Rf2 Rc4 61. Nf4+ Kf7 62. Rfe2 Rcc1 63. Nh3 Ke7 64. Ra3 Ra1 65. Rxa1 Rxa1 66. Rb2 Nc4 67. Rb7+ Kd6 68. Nf4 e5 69. Nh5 f5 70. Rf7 Rc1 71. Ng7 Ne3+ 72. Kf2 Ng4+ 73. Ke2 Rc2+ 74. Kd3 Rg2 75. Nxf5+ Ke6 76. Rf8 Nf2+ 77. Ke3 Nd1+ 78. Kf3 Rf2+ 79. Kg4 Rxf5 80. Re8+ Kf6 81. Rf8+ Kg6 82. Rg8+ Kf6 83. Rf8+ Ke6 84. Re8+ Kf6 85. Rf8+ 1/2-1/2


[Site "https://www.chess.com"]

[Event "Titled Tuesday Blitz April 18 Late 2023"]
[White "Deac, Bogdan-Daniel"]
[Black "Kravtsiv, Martyn"]
[WhiteFideId "1226380"]
[BlackFideId "14113147"]
[WhiteElo "2649"]
[BlackElo "2695"]
[Result "1/2-1/2"]
[Round "04"]
[TimeControl "180+2"]
[Date "2023.04.18"]
[WhiteClock "0:00:09"]
[BlackClock "0:00:10"]

1. e4 e5 2. Nf3 Nc6 3. Bb5 a6 4. Bxc6 dxc6 5. Nc3 f6 6. d4 exd4 7. Qxd4 Qxd4 8. Nxd4 Bd7 9. Be3 O-O-O 10. O-O-O b6 11. f3 Ne7 12. Nde2 Ng6 13. Nf4 Nxf4 14. Bxf4 Bb4 15. Ne2 Kb7 16. h4 Be6 17. Rxd8 Rxd8 18. a3 Be7 19. g4 Bc5 20. h5 a5 21. Bd2 Bc4 22. Ng3 a4 23. Rh2 Bd6 24. Rg2 g6 25. Be3 b5 26. f4 Re8 27. hxg6 hxg6 28. Rh2 g5 29. Rf2 Be6 30. Nh5 gxf4 31. Bxf4 Bc5 32. Rg2 Rf8 33. Ng7 Bc4 34. Nf5 Rh8 35. Rh2 Rxh2 36. Bxh2 Be2 37. Bf4 Bxg4 38. Kd2 Bh3 39. Kd3 Bf1+ 40. Kd2 Bc4 41. Ne3 Be6 42. Kd3 Bf8 43. Nf5 c5 44. Ne3 Kc6 45. c4 b4 46. Nd5 f5 47. exf5 Bxf5+ 48. Kd2 Be6 49. Ne3 Bg7 50. Kc2 Bd4 51. Kc1 Bf7 52. Nc2 b3 53. Nxd4+ cxd4 54. Be5 d3 55. c5 Kxc5 56. Bxc7 Kc4 57. Bf4 Be6 58. Bd2 Bd5 59. Bc3 Be6 60. Kd2 Bd5 61. Bb4 Be6 62. Bc3 Bd5 63. Bb4 Be6 64. Bc3 1/2-1/2


[Site "https://www.chess.com"]